 Dungeon Sprint DCSS version 0.28-a0-828-g0121872642 (webtiles) character file.

Game seed: 11272553789959668513

64 xpp the Spear-Bearer (level 7, -2/67 HPs)
             Began as a Palentonga Fighter on Nov 11, 2021.
             Was a Believer of Okawaru.
             Slain by a merfolk (13 damage)
             ... in the Dungeon (Sprint VI: "Thunderdome").
             The game lasted 00:12:51 (557 turns).

xpp the Spear-Bearer (Palentonga Fighter)            Turns: 557, Time: 00:12:51

Health: -2/67      AC: 14    Str: 20    XL:     7   Next: 45%
Magic:  7/7        EV:  8    Int:  9    God:    Okawaru [**....]
Gold:   75         SH:  5    Dex: 13    Spells: 6/6 levels left

rFire   + . .      SeeInvis +   a - +0 trident
rCold   + + .      Faith    .   c - +0 buckler
rNeg    . . .      Spirit   .   b - +0 scale mail
rPois   +          Reflect  .   (no helmet)
rElec   +          Harm     .   (no cloak)
rCorr   +          Rampage  .   (no gloves)
Will    .....      NoTele   +   (no barding)
Stlth   ..........              (no amulet)
HPRegen 0.21/turn               d - ring "Wapriq" {Ice rPois}
MPRegen 0.10/turn               o - ring "Ezifobixei" {Contam rElec rF+ Dex+3 SInv}

@: resistant, curled up
A: large, rugged brown scales 3, see invisible, deformed body, roll 1, armoured
tail, reflexive curl
a: Rolling Charge, Renounce Religion, Heroism


You were in the Dungeon.
You worshipped Okawaru.
Okawaru was pleased with you.
You visited 1 branch You collected 300 gold pieces.
You spent 225 gold pieces at shops.

Inventory:

Hand Weapons
 a - a +0 trident (weapon)
 e - a +0 longbow
Missiles
 i - 8 poisoned darts
Armour
 b - a +0 scale mail (worn)
 c - a +0 buckler (worn)
Jewellery
 d - the ring "Wapriq" (left hand) {Ice rPois}
   (You bought it in a shop in the Dungeon)

   [ring of ice]

   It enhances your ice magic.
   rF:        It makes you vulnerable to fire.
   rC:        It protects you from cold.
   rPois:     It protects you from poison.
 o - the ring "Ezifobixei" (right hand) {Contam rElec rF+ Dex+3 SInv}
   (You bought it in a shop in the Dungeon)

   [ring of see invisible]

   Dex:       It affects your dexterity (+3).
   rF:        It protects you from fire.
   rElec:     It insulates you from electricity.
   SInv:      It lets you see invisible.
   Contam:    It causes magical contamination when unequipped.
Wands
 l - a wand of flame (5)
 m - a wand of iceblast (5)
Scrolls
 j - 4 scrolls of blinking
 n - 3 scrolls of fog
Potions
 f - 2 potions of heal wounds
 g - 4 potions of haste
 h - 2 potions of magic


   Skills:
 + Level 8.4 Fighting
 * Level 8.6 Polearms
 * Level 0.7 Bows
 + Level 7.0 Armour
 + Level 2.3 Dodging
 + Level 6.5 Shields
 - Level 0.2 Evocations


You had 6 spell levels left.
You didn't know any spells.
Your spell library was empty.

Dungeon Overview and Level Annotations

Branches:
Dungeon (1/1)

Altars:
Cheibriados
Dithmenos
Fedhas
Gozag
Kikubaaqudgha
Makhleb
Okawaru
Qazlal
Ru
Sif Muna
Trog
Uskayaw
Vehumet
Wu Jian
Xom
Yredelemnul
Zin
The Shining One
Beogh
Jiyva
Lugonu

Shops:
D *[??*?*:[((!!!!


Innate Abilities, Weirdness & Mutations

You are completely covered in rugged brown scales. (AC +3, +7% HP)
You have supernaturally acute eyesight. (SInv)
Armour fits poorly on your strangely shaped body.
You can roll at nearby foes to attack.
You have a long armoured tail.
You curl defensively after being hit. (AC +7*)


Message History

Things that are here:
a +0 robe of willpower; a +2 whip of freezing; the kobold skeleton of Pikel
Things that are here:
a +0 robe of willpower; a +2 whip of freezing; the kobold skeleton of Pikel A wyvern comes into view.
The wyvern hisses angrily.
You hear a shout!
A centaur comes into view.
A merfolk comes into view. It is wielding a +0 trident.
A merfolk comes into view. It is wielding a +0 trident.
The centaur shouts!
The centaur wields a +0 shortbow.
The centaur shoots an arrow.
The arrow closely misses you. 50...
The centaur shoots an arrow.
The arrow hits you.
Okay, then.
The merfolk shouts!
The merfolk hits you from afar with a +0 trident!
The wyvern bites you! The merfolk barely misses you.
You feel protected. The wyvern bites you!
The merfolk hits you with a +0 trident.
You hit the merfolk.
The merfolk is lightly wounded.
The wyvern bites you. The wyvern bites you!
* * * LOW HITPOINT WARNING * * *
A wyvern comes into view.
You feel much better.
The wyvern hisses angrily.
The merfolk hits you with a +0 trident!
The centaur unwields a +0 shortbow.
The centaur barely misses you. You block the centaur's attack.
The wyvern bites you.
You hit the merfolk but do no damage.
The merfolk is lightly wounded.
The wyvern barely misses you. The centaur closely misses you. x2
The merfolk barely misses you.
You hit the merfolk.
The merfolk is lightly wounded.
The wyvern bites you!
* * * LOW HITPOINT WARNING * * *
The centaur barely misses you. x2; The merfolk hits you with a +0 trident!
You die...

#_........# #_...m[.._#
###.........### #⌠...........⌠#
######.8.[.......8.######
##.__......l###......___∩##
###∩...[....8.# #.8........∩###
##............m###.÷...........#
#⌠.........l###@..###..........⌠
#⌠..........# #lc.# #..........⌠
#⌠..........###m..###[.........⌠
##.............###.............#
###∩........8.# #.8........∩###
##∩___......###......___∩##
######.8....[....8.######
#⌠......)....⌠# ###.........###


You could see 2 merfolk, 2 wyverns and a centaur.

Vanquished Creatures
  Pikel (D)
  A necrophage (D)
  A kobold brigand (D)
  2 wights (D)
  Terence (D)
  Ijyb (D)
  An ufetubus (D)
  2 bat zombies (D)
  A giant cockroach (D)
  A hobgoblin (D)
  A quokka (D)
  A ball python (D)
  A ball python skeleton (D)
15 creatures vanquished.

Notes
Turn   | Place    | Note
-------+----------+-------------------------------------------
     0 | D        | xpp the Palentonga Fighter began the quest for the Orb.
     0 | D        | Reached XP level 1. HP: 19/19 MP: 1/1
     1 | D        | Found an ancient bone altar of Kikubaaqudgha.
     2 | D        | Found a glowing golden altar of the Shining One.
     2 | D        | Found a shimmering altar of Xom.
     3 | D        | Found a hide-covered altar of Uskayaw.
     3 | D        | Found a shadowy altar of Dithmenos.
     4 | D        | Found a shimmering blue altar of Sif Muna.
     4 | D        | Found a sacrificial altar of Ru.
     4 | D        | Found Siufumu's Identification Station.
     5 | D        | Found Poixon's Jewellery.
     5 | D        | Found Bicom's Advanced Armour.
     5 | D        | Round 1.
     9 | D        | Found a bloodstained altar of Trog.
     9 | D        | Found a stormy altar of Qazlal.
    28 | D        | Noticed Terence
    33 | D        | Killed Terence
    34 | D        | Reached XP level 2. HP: 23/26 MP: 2/2
    38 | D        | Found a basalt altar of Yredelemnul.
    38 | D        | Found Oruamom's Magic Scroll Shop.
    39 | D        | Found Zedgh's Magic Scroll Shop.
    39 | D        | Found Janoykast's Must-Have Magic.
    40 | D        | Found a corrupted altar of Lugonu.
    40 | D        | Found a viscous altar of Jiyva.
    40 | D        | Found Cofuq's Staff Store.
    71 | D        | Found a burning altar of Makhleb.
    76 | D        | Reached XP level 3. HP: 24/33 MP: 3/3
    76 | D        | Found a radiant altar of Vehumet.
    76 | D        | Found an opulent altar of Gozag.
    77 | D        | Found Jiolloid's Distillery.
    78 | D        | Found Rile's Distillery.
    78 | D        | Found Ziemn's Bottled Wisdom.
    79 | D        | Found a glowing silver altar of Zin.
    79 | D        | Found an iron altar of Okawaru.
    79 | D        | Found an ornate altar of the Wu Jian Council.
    79 | D        | Found Bainn's Do-It-Yourself Clinic.
    85 | D        | Found a blossoming altar of Fedhas.
    89 | D        | Became a worshipper of Warmaster Okawaru
    93 | D        | Found a snail-covered altar of Cheibriados.
    93 | D        | Found Pangunn's Weapon Rack.
    93 | D        | Found Akubeory's Basic Armour.
    94 | D        | Found Baotwotz's Miscellaneous Merchandise.
    95 | D        | Found Rystiwor's Premium Goods.
   116 | D        | Arena points: 12 (+12) [x2]
   129 | D        | Bought an ancient steel ring for 45 gold pieces
   129 | D        | Identified the ring "Wapriq" {Ice rPois} (You bought it in
                  | a shop in the Dungeon)
   129 | D        | Bought a brightly glowing marble ring for 45 gold pieces
   129 | D        | Identified the ring "Ezifobixei" {Contam rElec rF+ Dex+3
                  | SInv} (You bought it in a shop in the Dungeon)
   169 | D        | Round 2.
   189 | D        | Noticed Ijyb
   198 | D        | HP: 1/33 [Ijyb/puff of flame (6)]
   199 | D        | Noticed Pikel
   201 | D        | Killed Ijyb
   215 | D        | Noticed a kobold brigand
   229 | D        | Killed Pikel
   229 | D        | Reached * piety under Okawaru
   230 | D        | Reached skill level 1 in Dodging
   230 | D        | Reached XP level 4. HP: 8/47 MP: 4/4
   230 | D        | Reached XP level 5. HP: 9/52 MP: 5/5
   230 | D        | Reached XP level 6. HP: 10/59 MP: 6/6
   234 | D        | Gained mutation: You curl defensively after being hit. (AC
                  | +7*) [Palentonga growth]
   234 | D        | Reached XP level 7. HP: 8/66 MP: 7/7
   318 | D        | Arena points: 22 (+10) [x1]
   332 | D        | Bought a +0 longbow for 135 gold pieces
   333 | D        | Round 3.
   385 | D        | Reached ** piety under Okawaru
   458 | D        | Arena points: 64 (+42) [x2]
   530 | D        | Round 4.
   542 | D        | Noticed a wyvern
   542 | D        | Noticed a merfolk
   543 | D        | Noticed a merfolk
   554 | D        | Noticed a wyvern
   557 | D        | Slain by a merfolk

Illustrated notes

Levels and vault maps discovered:
D:        arena_sprint

Skill      XL: |  1  2  3  4  5  6  7 |
---------------+----------------------+-----
Fighting       | 4 7 8 |  8.4
Polearms       | 2 7 8 |  8.6
Armour         | 3 6 7 |  7.0
Shields        | 3 6 |  6.5
Dodging        | 1 2 |  2.3
Bows           | |  0.7
Evocations     | |  0.2

Action                   |  1- 3 |  4- 6 |  7- 9 || total
-------------------------+-------+-------+-------++-------
Melee: Trident           |    35 |     4 |    31 ||    70
       Tailslap          |     2 |     1 |     6 ||     9
 Abil: Rolling Charge    |     6 |       |     5 ||    11
Evoke: Wand              |     5 |       |       ||     5
  Use: Potion            |     4 |       |     2 ||     6
Armor: Scale mail        |     9 |     1 |    12 ||    22
Dodge: Dodged            |    11 |       |    14 ||    25
Block: Buckler           |     9 |       |     5 ||    14

Table legend: (Time is in decaauts)
 A = Elapsed time spent in this place.
 B = Non-inter-level travel time spent in this place.
 C = Inter-level travel time spent in this place.
 D = Time resting spent in this place.
 E = Time spent auto-exploring this place.
 F = Levels seen in this place.
 G = Mean time per level.
                   A        B        C        D        E       F      G
               +--------+--------+--------+--------+--------+-----+--------+
         Total |    564 |    564 |      0 |     47 |      0 |   1 |  564.0 |
       Dungeon |    564 |    564 |      0 |     47 |      0 |   1 |  564.0 |
               +--------+--------+--------+--------+--------+-----+--------+

Top non-repeatable levels by time:
       D: 564 daAuts
